Stars vs Flyers
Created - April 9, 2023 at 21:01
Goals
|
| Stars |
1 |
0 |
1 |
2 |
| Flyers |
2 |
3 |
3 |
8 |
|
Shots
|
| Stars |
9 |
10 |
9 |
28 |
| Flyers |
14 |
14 |
17 |
45 |
|
1st period
1. Stars , Scott Kosmachuck 9 (Tobias Rieder 10, Cory Emmerton 11) at 7:15
2. Flyers , Jordan Nolan 19 (Jacob Trouba 22) at 7:24
3. Flyers , Marcus Kruger 24 (Jacob Trouba 23, Jeff Carter 26) at 11:39 (PP)
Penalties :
Jonathan Ericsson (Phi) for Roughing (Minor) at 2:17, Boris Valabik (Dal) for Hooking (Minor) at 11:03, Guillaume Latendresse (Dal) for Holding (Minor) at 18:09
2nd period
4. Flyers , Max Pacioretty 27 (Jacob Trouba 24, Jordan Nolan 37) at 0:12
5. Flyers , Matt Smaby 4 (Calle Jarnkrok 7) at 1:39
6. Flyers , Nick Ritchie 9 (Travis Zajac 14, Nathan Beaulieu 25) at 8:09
Penalties :
Guillaume Latendresse (Dal) for Interference (Minor) at 5:02, Andrej Sustr (Dal) for Hooking (Minor) at 8:34, Guillaume Latendresse (Dal) for Interference (Minor) at 19:18
3rd period
7. Flyers , Jacob Trouba 3 (Jordan Nolan 38, Jakub Voracek 21) at 9:04 (PP)
8. Flyers , Jordan Nolan 20 (Jakub Voracek 22) at 9:20
9. Stars , John Tavares 53 (Michael Grabner 41) at 11:13
10. Flyers , Nathan Beaulieu 6 (Jacob Trouba 25) at 19:22 (PP)
Penalties :
Scott Kosmachuck (Dal) for Unsportsmanlike conduct (Minor) at 8:53, Brian Lee (Dal) for Tripping (Minor) at 18:15
Goalie Stats
Jhonas Enroth (Dal), 25 saves from 29 shots - (0.862), 38:21 minutes
Matt Murray (Dal), 12 saves from 16 shots - (0.750), L, 27-20-5, 21:39 minutes
Ilya Sorokin (Phi), 26 saves from 28 shots - (0.929), W, 4-8-5, 60:00 minutes
Players Stats for Stars
Player Name G A P +/- PIM S H SB GA TA FO MP PP MP PK MP
------------------------------------------------------------------------------------
Andrej Sustr 0 0 0 0 2 1 1 0 0 0 0/0 20:21 0:55 2:04
Andrew Ladd 0 0 0 -1 0 1 3 0 0 1 1/1 17:31 0:51 3:28
Boris Valabik 0 0 0 -3 2 1 0 3 0 1 0/0 27:43 1:04 6:25
Brian Lee 0 0 0 -3 2 2 2 1 0 2 0/0 27:03 1:04 5:41
Cam Atkinson 0 0 0 -2 0 3 2 1 0 0 1/2 19:53 0:51 3:33
Cory Emmerton 0 1 1 1 0 0 1 0 0 0 6/10 11:39 0:00 1:31
Evgeny Grachev 0 0 0 -1 0 6 2 0 0 0 7/12 15:33 0:51 1:30
Evgeny Kuznetsov 0 0 0 -1 0 0 0 0 0 0 2/5 7:37 0:00 0:00
Guillaume Latendresse 0 0 0 -2 6 0 0 1 0 0 1/2 20:49 1:08 2:28
Ilya Mikheyev 0 0 0 -1 0 1 0 0 0 0 0/0 7:40 0:00 0:00
John Tavares 1 0 1 -2 0 6 0 0 0 0 16/39 24:32 1:08 6:14
Jonathan Drouin 0 0 0 -1 0 1 0 0 0 0 0/0 8:35 0:00 0:56
Michael Grabner 0 1 1 -1 0 0 4 0 1 0 0/0 15:49 1:08 0:00
Paul Ladue 0 0 0 0 0 1 0 1 0 0 0/0 21:26 0:55 4:20
Scott Kosmachuck 1 0 1 1 2 1 0 0 1 0 0/0 10:05 0:00 0:00
Tobias Rieder 0 1 1 1 0 1 0 0 0 1 0/0 10:19 0:00 0:00
Tyler Wotherspoon 0 0 0 0 0 2 0 0 0 0 0/0 11:47 0:00 1:10
Tyson Barrie 0 0 0 0 0 1 1 1 0 1 0/0 11:41 0:00 0:00
Players Stats for Flyers
Player Name G A P +/- PIM S H SB GA TA FO MP PP MP PK MP
------------------------------------------------------------------------------------
Brian Lashoff 0 0 0 0 0 0 0 1 0 0 0/0 19:43 2:45 0:47
Brock Nelson 0 0 0 1 0 1 0 0 0 0 0/0 7:19 0:00 0:09
Calle Jarnkrok 0 1 1 1 0 0 0 0 0 0 2/5 7:10 0:00 0:00
Drew Miller 0 0 0 0 0 4 3 1 1 0 0/0 17:09 4:20 0:00
Jacob Trouba 1 4 5 3 0 2 2 2 1 0 0/0 30:07 7:05 1:12
Jake Dotchin 0 0 0 0 0 1 0 0 0 0 0/0 10:10 0:00 0:00
Jakub Voracek 0 2 2 1 0 2 1 0 0 0 0/1 22:28 5:30 1:06
Jeff Carter 0 1 1 0 0 2 2 0 0 0 10/14 17:54 4:20 0:44
Jonathan Ericsson 0 0 0 0 2 3 0 4 0 0 0/0 10:10 0:00 0:00
Jordan Nolan 2 2 4 1 0 9 2 0 0 0 21/39 22:15 5:30 0:53
Marcus Kruger 1 0 1 0 0 2 1 0 0 0 0/2 17:09 4:20 0:00
Matt Smaby 1 0 1 0 0 1 0 4 1 0 0/0 19:43 2:45 0:47
Max Pacioretty 1 0 1 1 0 5 1 0 1 0 1/2 22:07 5:30 0:44
Nathan Beaulieu 1 1 2 3 0 2 3 0 0 0 0/0 30:07 7:05 1:12
Nick Ritchie 1 0 1 1 0 4 1 0 1 1 0/0 12:41 0:00 0:22
Niclas Bergfors 0 0 0 1 0 4 0 0 0 0 0/0 12:19 0:00 0:00
Tomas Kubalik 0 0 0 1 0 2 0 0 0 0 1/1 7:10 0:00 0:00
Travis Zajac 0 1 1 1 0 1 0 0 1 1 2/7 12:19 0:00 0:00
3 Stars
1 - Jacob Trouba (Phi)
2 - Jordan Nolan (Phi)
3 - Nathan Beaulieu (Phi)
Power Play
Stars - 0 on 1 Attempt(s) - 0.00%
Flyers - 3 on 7 Attempt(s) - 42.86%
Penalty Kill
Stars - 4 on 7 Attempt(s) - 57.14%
- Score 0 goal in Penalty Kill
Flyers - 1 on 1 Attempt(s) - 100.00%
- Score 0 goal in Penalty Kill
Team Stat
Stars - Hits : 16 - Faceoff Wins : 34 - Blocked Shots : 8 - Penalty Minutes : 14
Flyers - Hits : 16 - Faceoff Wins : 37 - Blocked Shots : 12 - Penalty Minutes : 2
Official
Referees : Reid Anderson and Michael Markovic
Linesman : Kiel Murchison and Mark Shewchyk
Game Notes
Jhonas Enroth enters game at 1:39 of 2nd period
Finance
Level 1 -- Attendance: 5699 (94.98%) -- Ticket Income $569,900
Level 2 -- Attendance: 4672 (93.44%) -- Ticket Income $280,320
Level 3 -- Attendance: 1722 (86.10%) -- Ticket Income $60,270
Level 4 -- Attendance: 3812 (95.30%) -- Ticket Income $95,300
Luxury Box -- Attendance: 1000 (100.00%) -- Ticket Income $200,000
Game was played at the Wells Fargo Center.
Total Attendance: 16905 (93.92%)
Total Ticket Income: $1,205,790
Other Income: $180,868
Total Income: $1,386,658
Stars
5 vs 5 Forward
Center Left Wing Right Wing Time % Phy DF OF
1 John Tavares Guillaume Latendresse Michael Grabner 40 1 2 2
2 Evgeny Grachev Andrew Ladd Cam Atkinson 30 1 2 2
3 Cory Emmerton Tobias Rieder Scott Kosmachuck 20 1 2 2
4 Evgeny Kuznetsov Jonathan Drouin Ilya Mikheyev 10 1 2 2
5 vs 5 Defense
Defense Defense Time % Phy DF OF
1 Boris Valabik Brian Lee 40 1 2 2
2 Andrej Sustr Paul Ladue 30 1 2 2
3 Tyler Wotherspoon Tyson Barrie 20 1 2 2
4 Boris Valabik Brian Lee 10 1 2 2
PowerPlay Forward
Center Left Wing Right Wing Time % Phy DF OF
1 John Tavares Guillaume Latendresse Michael Grabner 60 1 2 2
2 Evgeny Grachev Andrew Ladd Cam Atkinson 40 1 2 2
PowerPlay Defense
Defense Defense Time % Phy DF OF
1 Boris Valabik Brian Lee 60 1 2 2
2 Andrej Sustr Paul Ladue 40 1 2 2
Penalty Kill 4 Players Forward
Center Wing Time % Phy DF OF
1 John Tavares Guillaume Latendresse 60 1 2 2
2 Evgeny Grachev Andrew Ladd 40 1 2 2
Penalty Kill 4 Players Defense
Defense Defense Time % Phy DF OF
1 Boris Valabik Brian Lee 60 1 2 2
2 Andrej Sustr Paul Ladue 40 1 2 2
Penalty Kill - 3 Players Forward
Forward Time % Phy DF OF
1 John Tavares 60 1 2 2
2 Evgeny Grachev 40 1 2 2
Penalty Kill - 3 Players Defense
Defense Defense Time % Phy DF OF
1 Boris Valabik Brian Lee 60 1 2 2
2 Andrej Sustr Paul Ladue 40 1 2 2
4 vs 4 Forward
Center Wing Time % Phy DF OF
1 John Tavares Guillaume Latendresse 60 1 2 2
2 Evgeny Grachev Andrew Ladd 40 1 2 2
4 vs 4 Defense
Defense Defense Time % Phy DF OF
1 Boris Valabik Brian Lee 60 1 2 2
2 Andrej Sustr Paul Ladue 40 1 2 2
Last Minutes Offensive
Center Left Wing Right Wing Defense Defense
John Tavares Guillaume Latendresse Michael Grabner Boris Valabik Brian Lee
Last Minutes Defensive
Center Left Wing Right Wing Defense Defense
John Tavares Guillaume Latendresse Michael Grabner Boris Valabik Brian Lee
Goaltenders
Starting : Matt Murray
Backup : Jhonas Enroth
Extra Forwards
Normal : Cam Atkinson, Tobias Rieder, Evgeny Grachev - PP : Cam Atkinson, Tobias Rieder - PK : Cam Atkinson
Extra Defensemen
Normal : Paul Ladue, Tyler Wotherspoon, Tyson Barrie - PP : Paul Ladue - PK : Paul Ladue, Tyler Wotherspoon
Penalty Shots
John Tavares, Michael Grabner, Guillaume Latendresse, Andrew Ladd, Cam Atkinson
Scratches
Alex Chiasson (Sprained Right Finger Injury), Tyler Brenner (Healthy)
Flyers
5 vs 5 Forward
Center Left Wing Right Wing Time % Phy DF OF
1 Jordan Nolan Max Pacioretty Jakub Voracek 40 1 2 2
2 Jeff Carter Drew Miller Marcus Kruger 30 1 2 2
3 Travis Zajac Nick Ritchie Niclas Bergfors 20 1 2 2
4 Calle Jarnkrok Brock Nelson Tomas Kubalik 10 1 2 2
5 vs 5 Defense
Defense Defense Time % Phy DF OF
1 Jacob Trouba Nathan Beaulieu 40 1 2 2
2 Brian Lashoff Matt Smaby 30 1 2 2
3 Jonathan Ericsson Jake Dotchin 20 1 2 2
4 Jacob Trouba Nathan Beaulieu 10 1 2 2
PowerPlay Forward
Center Left Wing Right Wing Time % Phy DF OF
1 Jordan Nolan Max Pacioretty Jakub Voracek 60 1 2 2
2 Jeff Carter Drew Miller Marcus Kruger 40 1 2 2
PowerPlay Defense
Defense Defense Time % Phy DF OF
1 Jacob Trouba Nathan Beaulieu 60 1 2 2
2 Brian Lashoff Matt Smaby 40 1 2 2
Penalty Kill 4 Players Forward
Center Wing Time % Phy DF OF
1 Jordan Nolan Jakub Voracek 60 1 2 2
2 Max Pacioretty Jeff Carter 40 1 2 2
Penalty Kill 4 Players Defense
Defense Defense Time % Phy DF OF
1 Jacob Trouba Nathan Beaulieu 60 1 2 2
2 Brian Lashoff Matt Smaby 40 1 2 2
Penalty Kill - 3 Players Forward
Forward Time % Phy DF OF
1 Jordan Nolan 60 1 2 2
2 Jakub Voracek 40 1 2 2
Penalty Kill - 3 Players Defense
Defense Defense Time % Phy DF OF
1 Jacob Trouba Nathan Beaulieu 60 1 2 2
2 Brian Lashoff Matt Smaby 40 1 2 2
4 vs 4 Forward
Center Wing Time % Phy DF OF
1 Jordan Nolan Jakub Voracek 60 1 2 2
2 Max Pacioretty Jeff Carter 40 1 2 2
4 vs 4 Defense
Defense Defense Time % Phy DF OF
1 Jacob Trouba Nathan Beaulieu 60 1 2 2
2 Brian Lashoff Matt Smaby 40 1 2 2
Last Minutes Offensive
Center Left Wing Right Wing Defense Defense
Jordan Nolan Max Pacioretty Jakub Voracek Jacob Trouba Nathan Beaulieu
Last Minutes Defensive
Center Left Wing Right Wing Defense Defense
Jordan Nolan Max Pacioretty Jakub Voracek Jacob Trouba Nathan Beaulieu
Goaltenders
Starting : Ilya Sorokin
Backup : Steve Mason
Extra Forwards
Normal : Travis Zajac, Niclas Bergfors, Nick Ritchie - PP : Travis Zajac, Niclas Bergfors - PK : Nick Ritchie
Extra Defensemen
Normal : Jonathan Ericsson, Jake Dotchin, Brian Lashoff - PP : Jonathan Ericsson - PK : Jake Dotchin, Brian Lashoff
Penalty Shots
Jordan Nolan, Jakub Voracek, Max Pacioretty, Jeff Carter, Travis Zajac
Scratches
Travis Konecny (Healthy)
% Time on Ice - Stars
Lines # - Real PCT - Wanted PCT - Time Play
Normal Forward
1 - 36% - 40% - 17:16
2 - 27% - 30% - 13:12
3 - 21% - 20% - 10:06
4 - 16% - 10% - 7:37
Normal Defense
1 - 38% - 40% - 18:33
2 - 36% - 30% - 17:23
3 - 22% - 20% - 10:33
4 - 4% - 10% - 1:42
PP Forward
1 - 57% - 60% - 1:08
2 - 43% - 40% - 0:51
PP Defense
1 - 54% - 60% - 1:04
2 - 46% - 40% - 0:55
PK Forward
1 - 85% - 60% - 8:21
2 - 15% - 40% - 1:29
PK Defense
1 - 67% - 60% - 6:34
2 - 33% - 40% - 3:16
PK3 Forward
1 - 0% - 60%
2 - 0% - 40%
PK3 Defense
1 - 0% - 60%
2 - 0% - 40%
44 Forward
1 - 0% - 60%
2 - 0% - 40%
44 Defense
1 - 0% - 60%
2 - 0% - 40%
Last Minute Offensive - 0:00
Last Minute Defensive - 0:00
Total
Forward - 60:00
Defense - 60:00
|
% Time on Ice - Flyers
Lines # - Real PCT - Wanted PCT - Time Play
Normal Forward
1 - 33% - 40% - 15:52
2 - 27% - 30% - 12:50
3 - 26% - 20% - 12:19
4 - 15% - 10% - 7:10
Normal Defense
1 - 40% - 40% - 19:27
2 - 34% - 30% - 16:11
3 - 21% - 20% - 10:10
4 - 5% - 10% - 2:23
PP Forward
1 - 56% - 60% - 5:30
2 - 44% - 40% - 4:20
PP Defense
1 - 72% - 60% - 7:05
2 - 28% - 40% - 2:45
PK Forward
1 - 63% - 60% - 1:15
2 - 37% - 40% - 0:44
PK Defense
1 - 61% - 60% - 1:12
2 - 39% - 40% - 0:47
PK3 Forward
1 - 0% - 60%
2 - 0% - 40%
PK3 Defense
1 - 0% - 60%
2 - 0% - 40%
44 Forward
1 - 0% - 60%
2 - 0% - 40%
44 Defense
1 - 0% - 60%
2 - 0% - 40%
Last Minute Offensive - 0:00
Last Minute Defensive - 0:00
Total
Forward - 60:00
Defense - 60:00
|
Play-by-Play
1st period
0:01 of 1st period - John Tavares wins face-off versus Jordan Nolan in neutral zone.
0:26 of 1st period - Andrew Ladd is hit by Jeff Carter and loses puck.
0:35 of 1st period - Drew Miller is hit by Andrew Ladd and loses puck.
1:16 of 1st period - Wrist shot by Michael Grabner.
1:16 of 1st period - Shot Misses the Net.
1:18 of 1st period - Slapshot by Tyson Barrie.
1:18 of 1st period - Stopped by Ilya Sorokin with a rebound.
1:36 of 1st period - Slapshot by Max Pacioretty.
1:36 of 1st period - Stopped by Matt Murray without a rebound.
1:37 of 1st period - Jeff Carter wins face-off versus Evgeny Grachev in Stars zone.
1:38 of 1st period - Wrist shot by Drew Miller.
1:38 of 1st period - Shot Blocked by Cam Atkinson.
1:40 of 1st period - Wrist shot by Jonathan Ericsson.
1:40 of 1st period - Deflect By Drew Miller.
1:40 of 1st period - Shot Misses the Net.
1:40 of 1st period - Puck is out of play.
1:41 of 1st period - Andrew Ladd wins face-off versus Jeff Carter in Stars zone.
1:56 of 1st period - Wrist shot by Drew Miller.
1:56 of 1st period - Stopped by Matt Murray with a rebound.
1:58 of 1st period - Snap shot by Jeff Carter.
1:58 of 1st period - Stopped by Matt Murray with a rebound.
2:17 of 1st period - Minor Penalty to Jonathan Ericsson for Roughing.
2:18 of 1st period - Jordan Nolan wins face-off versus John Tavares in Flyers zone.
3:11 of 1st period - Jordan Nolan is hit by Michael Grabner and loses puck.
3:22 of 1st period - Jakub Voracek is hit by Andrew Ladd and loses puck.
4:17 of 1st period - Penalty to Jonathan Ericsson is over, Jonathan Ericsson is back on ice.
4:33 of 1st period - Wrist shot by Nick Ritchie.
4:33 of 1st period - Shot Misses the Net.
4:35 of 1st period - Snap shot by Niclas Bergfors.
4:35 of 1st period - Shot Misses the Net.
4:37 of 1st period - Slapshot by Jake Dotchin.
4:37 of 1st period - Stopped by Matt Murray without a rebound.
4:38 of 1st period - Cory Emmerton wins face-off versus Travis Zajac in Stars zone.
5:24 of 1st period - Jake Dotchin is hit by Evgeny Grachev and loses puck.
5:49 of 1st period - Snap shot by Marcus Kruger.
5:49 of 1st period - Shot Misses the Net.
5:51 of 1st period - Wrist shot by Jake Dotchin.
5:51 of 1st period - Shot Misses the Net.
5:53 of 1st period - Slapshot by Jeff Carter.
5:53 of 1st period - Deflect By Drew Miller.
5:53 of 1st period - Stopped by Matt Murray with a rebound.
5:55 of 1st period - Backhand shot by Jonathan Ericsson.
5:55 of 1st period - Stopped by Matt Murray without a rebound.
5:56 of 1st period - Max Pacioretty wins face-off versus John Tavares in Stars zone.
6:03 of 1st period - Snap shot by Max Pacioretty.
6:03 of 1st period - Stopped by Matt Murray with a rebound.
6:05 of 1st period - Slapshot by Nathan Beaulieu.
6:05 of 1st period - Shot Blocked by Guillaume Latendresse.
6:21 of 1st period - Nathan Beaulieu is hit by Cam Atkinson and loses puck.
6:51 of 1st period - Icing by Paul Ladue.
6:52 of 1st period - Jordan Nolan wins face-off versus Cory Emmerton in Stars zone.
6:59 of 1st period - Slapshot by Max Pacioretty.
6:59 of 1st period - Stopped by Matt Murray with a rebound.
7:13 of 1st period - Slapshot by Tobias Rieder.
7:13 of 1st period - Shot Misses the Net.
7:15 of 1st period - Snap shot by Scott Kosmachuck.
7:15 of 1st period - Goal by Scott Kosmachuck - Stars : 1 - Flyers : 0.
7:16 of 1st period - Jordan Nolan wins face-off versus John Tavares in neutral zone.
7:20 of 1st period - Off-side.
7:21 of 1st period - Jordan Nolan wins face-off versus John Tavares in neutral zone.
7:24 of 1st period - Slapshot by Jacob Trouba.
7:24 of 1st period - Deflect By Jordan Nolan.
7:24 of 1st period - Goal by Jordan Nolan - Stars : 1 - Flyers : 1.
7:25 of 1st period - John Tavares wins face-off versus Jordan Nolan in neutral zone.
8:36 of 1st period - Snap shot by Scott Kosmachuck.
8:36 of 1st period - Deflect By Tobias Rieder.
8:36 of 1st period - Shot Misses the Net.
8:36 of 1st period - Puck is out of play.
8:37 of 1st period - Cory Emmerton wins face-off versus Travis Zajac in Flyers zone.
8:54 of 1st period - Snap shot by Nick Ritchie.
8:54 of 1st period - Stopped by Matt Murray without a rebound.
8:55 of 1st period - John Tavares wins face-off versus Jordan Nolan in Stars zone.
8:55 of 1st period - John Tavares is hit by Jakub Voracek.
9:19 of 1st period - Icing by John Tavares.
9:20 of 1st period - John Tavares wins face-off versus Jeff Carter in Stars zone.
9:33 of 1st period - Snap shot by Andrew Ladd.
9:33 of 1st period - Shot Blocked by Matt Smaby.
9:47 of 1st period - Tyler Wotherspoon is hit by Jordan Nolan and loses puck.
9:58 of 1st period - Snap shot by Jordan Nolan.
9:58 of 1st period - Stopped by Matt Murray with a rebound.
10:20 of 1st period - Snap shot by Michael Grabner.
10:20 of 1st period - Shot Misses the Net.
10:34 of 1st period - Tomas Kubalik is hit by Evgeny Grachev and loses puck.
10:39 of 1st period - Snap shot by Evgeny Grachev.
10:39 of 1st period - Stopped by Ilya Sorokin without a rebound.
10:40 of 1st period - John Tavares wins face-off versus Jordan Nolan in Flyers zone.
11:03 of 1st period - Minor Penalty to Boris Valabik for Hooking.
11:04 of 1st period - Jordan Nolan wins face-off versus John Tavares in Stars zone.
11:37 of 1st period - Slapshot by Jacob Trouba.
11:37 of 1st period - Stopped by Matt Murray with a rebound.
11:39 of 1st period - Snap shot by Marcus Kruger.
11:39 of 1st period - Goal by Marcus Kruger - Stars : 1 - Flyers : 2.
11:40 of 1st period - Jeff Carter wins face-off versus John Tavares in neutral zone.
12:07 of 1st period - Andrew Ladd is hit by Nathan Beaulieu.
12:10 of 1st period - Off-side.
12:11 of 1st period - Jordan Nolan wins face-off versus Evgeny Grachev in neutral zone.
12:21 of 1st period - Wrist shot by Cam Atkinson.
12:21 of 1st period - Shot Misses the Net.
12:25 of 1st period - Slapshot by Evgeny Grachev.
12:25 of 1st period - Stopped by Ilya Sorokin without a rebound.
12:26 of 1st period - Jeff Carter wins face-off versus John Tavares in Flyers zone.
12:37 of 1st period - Snap shot by Jeff Carter.
12:37 of 1st period - Shot Misses the Net.
13:20 of 1st period - Snap shot by Tobias Rieder.
13:20 of 1st period - Stopped by Ilya Sorokin without a rebound.
13:21 of 1st period - John Tavares wins face-off versus Jeff Carter in Flyers zone.
13:36 of 1st period - Jacob Trouba is hit by Michael Grabner and loses puck.
14:01 of 1st period - Off-side.
14:02 of 1st period - Travis Zajac wins face-off versus Cory Emmerton in neutral zone.
14:29 of 1st period - Max Pacioretty is hit by Brian Lee and loses puck.
14:54 of 1st period - Andrew Ladd is hit by Marcus Kruger and loses puck.
15:01 of 1st period - Snap shot by Marcus Kruger.
15:01 of 1st period - Shot Blocked by Paul Ladue.
15:03 of 1st period - Wrist shot by Drew Miller.
15:03 of 1st period - Shot Misses the Net.
15:41 of 1st period - Slapshot by Niclas Bergfors.
15:41 of 1st period - Stopped by Matt Murray with a rebound.
16:10 of 1st period - Wrist shot by John Tavares.
16:10 of 1st period - Stopped by Ilya Sorokin without a rebound.
16:11 of 1st period - Evgeny Grachev wins face-off versus Marcus Kruger in Flyers zone.
16:12 of 1st period - Wrist shot by Cam Atkinson.
16:12 of 1st period - Shot Misses the Net.
16:18 of 1st period - Wrist shot by Andrew Ladd.
16:18 of 1st period - Stopped by Ilya Sorokin without a rebound.
16:19 of 1st period - Evgeny Grachev wins face-off versus Jeff Carter in Flyers zone.
16:24 of 1st period - Snap shot by Andrew Ladd.
16:24 of 1st period - Shot Blocked by Jonathan Ericsson.
16:26 of 1st period - Slapshot by Cam Atkinson.
16:26 of 1st period - Shot Misses the Net.
16:28 of 1st period - Slapshot by Tyler Wotherspoon.
16:28 of 1st period - Shot Blocked by Jonathan Ericsson.
16:30 of 1st period - Slapshot by Cam Atkinson.
16:30 of 1st period - Stopped by Ilya Sorokin with a rebound.
16:32 of 1st period - Slapshot by Tyler Wotherspoon.
16:32 of 1st period - Stopped by Ilya Sorokin without a rebound.
16:33 of 1st period - Jordan Nolan wins face-off versus John Tavares in Flyers zone.
17:21 of 1st period - Slapshot by Andrew Ladd.
17:21 of 1st period - Shot Misses the Net.
17:23 of 1st period - Wrist shot by Brian Lee.
17:23 of 1st period - Shot Blocked by Brian Lashoff.
17:25 of 1st period - Snap shot by Boris Valabik.
17:25 of 1st period - Deflect By Scott Kosmachuck.
17:25 of 1st period - Shot Misses the Net.
17:25 of 1st period - Puck is out of play.
17:26 of 1st period - Cory Emmerton wins face-off versus Jordan Nolan in Flyers zone.
17:53 of 1st period - Drew Miller is hit by Tyson Barrie and loses puck.
18:00 of 1st period - John Tavares is hit by Drew Miller and loses puck.
18:09 of 1st period - Minor Penalty to Guillaume Latendresse for Holding.
18:10 of 1st period - Jordan Nolan wins face-off versus John Tavares in Stars zone.
19:39 of 1st period - John Tavares is hit by Jordan Nolan and loses puck.
Goals for this period are 1 for Stars vs 2 for Flyers.
Shots for this period are 9 for Stars vs 14 for Flyers.
2nd period
0:01 of 2nd period - Jordan Nolan wins face-off versus John Tavares in neutral zone.
0:09 of 2nd period - Penalty to Guillaume Latendresse is over, Guillaume Latendresse is back on ice.
0:10 of 2nd period - Wrist shot by Jordan Nolan.
0:10 of 2nd period - Shot Misses the Net.
0:12 of 2nd period - Wrist shot by Jacob Trouba.
0:12 of 2nd period - Deflect By Max Pacioretty.
0:12 of 2nd period - Goal by Max Pacioretty - Stars : 1 - Flyers : 3.
0:13 of 2nd period - John Tavares wins face-off versus Jordan Nolan in neutral zone.
0:16 of 2nd period - Slapshot by Brian Lee.
0:16 of 2nd period - Stopped by Ilya Sorokin without a rebound.
0:17 of 2nd period - John Tavares wins face-off versus Jordan Nolan in Flyers zone.
1:39 of 2nd period - Slapshot by Matt Smaby.
1:39 of 2nd period - Goal by Matt Smaby - Stars : 1 - Flyers : 4.
1:39 of 2nd period - Jhonas Enroth enters game.
1:40 of 2nd period - John Tavares wins face-off versus Jordan Nolan in neutral zone.
2:59 of 2nd period - Snap shot by John Tavares.
2:59 of 2nd period - Shot Misses the Net.
4:05 of 2nd period - Wrist shot by John Tavares.
4:05 of 2nd period - Stopped by Ilya Sorokin without a rebound.
4:06 of 2nd period - Evgeny Grachev wins face-off versus Jordan Nolan in Flyers zone.
4:11 of 2nd period - Snap shot by Andrew Ladd.
4:11 of 2nd period - Deflect By Jakub Voracek.
4:11 of 2nd period - Shot Blocked by Matt Smaby.
4:11 of 2nd period - Puck is out of play.
4:12 of 2nd period - Evgeny Grachev wins face-off versus Jordan Nolan in Flyers zone.
4:27 of 2nd period - Slapshot by Jakub Voracek.
4:27 of 2nd period - Stopped by Jhonas Enroth without a rebound.
4:28 of 2nd period - Jeff Carter wins face-off versus John Tavares in Stars zone.
4:38 of 2nd period - Snap shot by Jeff Carter.
4:38 of 2nd period - Stopped by Jhonas Enroth without a rebound.
4:39 of 2nd period - Jordan Nolan wins face-off versus John Tavares in Stars zone.
4:46 of 2nd period - Backhand shot by Jordan Nolan.
4:46 of 2nd period - Stopped by Jhonas Enroth with a rebound.
5:02 of 2nd period - Minor Penalty to Guillaume Latendresse for Interference.
5:03 of 2nd period - John Tavares wins face-off versus Jordan Nolan in Stars zone.
5:41 of 2nd period - Wrist shot by John Tavares.
5:41 of 2nd period - Stopped by Ilya Sorokin without a rebound.
5:42 of 2nd period - Jordan Nolan wins face-off versus John Tavares in Flyers zone.
6:09 of 2nd period - Cam Atkinson is hit by Drew Miller and loses puck.
7:02 of 2nd period - Penalty to Guillaume Latendresse is over, Guillaume Latendresse is back on ice.
7:03 of 2nd period - Icing by Matt Smaby.
7:04 of 2nd period - Jeff Carter wins face-off versus Cory Emmerton in Flyers zone.
7:04 of 2nd period - Brian Lashoff is hit by Cory Emmerton and loses puck.
7:13 of 2nd period - Wrist shot by Michael Grabner.
7:13 of 2nd period - Deflect By Marcus Kruger.
7:13 of 2nd period - Shot Misses the Net.
7:13 of 2nd period - Puck is out of play.
7:14 of 2nd period - Jordan Nolan wins face-off versus John Tavares in Flyers zone.
7:39 of 2nd period - Snap shot by Niclas Bergfors.
7:39 of 2nd period - Deflect By Travis Zajac.
7:39 of 2nd period - Shot Misses the Net.
7:39 of 2nd period - Puck is out of play.
7:40 of 2nd period - Evgeny Grachev wins face-off versus Travis Zajac in Stars zone.
7:40 of 2nd period - Evgeny Grachev is hit by Nathan Beaulieu.
7:50 of 2nd period - Nathan Beaulieu is hit by Cam Atkinson and loses puck.
8:09 of 2nd period - Wrist shot by Nick Ritchie.
8:09 of 2nd period - Goal by Nick Ritchie - Stars : 1 - Flyers : 5.
8:10 of 2nd period - Jordan Nolan wins face-off versus John Tavares in neutral zone.
8:12 of 2nd period - Nathan Beaulieu is hit by Michael Grabner and loses puck.
8:21 of 2nd period - Snap shot by Jakub Voracek.
8:21 of 2nd period - Shot Misses the Net.
8:23 of 2nd period - Wrist shot by Jordan Nolan.
8:23 of 2nd period - Shot Misses the Net.
8:25 of 2nd period - Wrist shot by Max Pacioretty.
8:25 of 2nd period - Stopped by Jhonas Enroth without a rebound.
8:26 of 2nd period - Jeff Carter wins face-off versus Evgeny Grachev in Stars zone.
8:34 of 2nd period - Minor Penalty to Andrej Sustr for Hooking.
8:35 of 2nd period - John Tavares wins face-off versus Jordan Nolan in Stars zone.
8:35 of 2nd period - John Tavares is hit by Jacob Trouba.
9:02 of 2nd period - Marcus Kruger is hit by Brian Lee and loses puck.
10:34 of 2nd period - Penalty to Andrej Sustr is over, Andrej Sustr is back on ice.
10:43 of 2nd period - Slapshot by Brian Lee.
10:43 of 2nd period - Stopped by Ilya Sorokin without a rebound.
10:44 of 2nd period - Cory Emmerton wins face-off versus Travis Zajac in Flyers zone.
10:49 of 2nd period - Backhand shot by Scott Kosmachuck.
10:49 of 2nd period - Shot Misses the Net.
11:05 of 2nd period - Slapshot by Niclas Bergfors.
11:05 of 2nd period - Stopped by Jhonas Enroth with a rebound.
11:07 of 2nd period - Wrist shot by Jonathan Ericsson.
11:07 of 2nd period - Stopped by Jhonas Enroth with a rebound.
11:09 of 2nd period - Snap shot by Nick Ritchie.
11:09 of 2nd period - Stopped by Jhonas Enroth with a rebound.
11:27 of 2nd period - Andrej Sustr is hit by Nick Ritchie and loses puck.
11:40 of 2nd period - Snap shot by Nick Ritchie.
11:40 of 2nd period - Shot Misses the Net.
11:50 of 2nd period - Snap shot by Evgeny Kuznetsov.
11:50 of 2nd period - Deflect By Jonathan Drouin.
11:50 of 2nd period - Deflect By Niclas Bergfors.
11:50 of 2nd period - Shot Misses the Net.
11:50 of 2nd period - Puck is out of play.
11:51 of 2nd period - Jordan Nolan wins face-off versus John Tavares in Flyers zone.
12:07 of 2nd period - Snap shot by Jordan Nolan.
12:07 of 2nd period - Stopped by Jhonas Enroth with a rebound.
12:17 of 2nd period - Michael Grabner is hit by Jacob Trouba and loses puck.
12:26 of 2nd period - Brian Lashoff is hit by Michael Grabner and loses puck.
12:47 of 2nd period - Wrist shot by John Tavares.
12:47 of 2nd period - Shot Blocked by Matt Smaby.
13:19 of 2nd period - Snap shot by Michael Grabner.
13:19 of 2nd period - Shot Blocked by Matt Smaby.
13:21 of 2nd period - Slapshot by Boris Valabik.
13:21 of 2nd period - Stopped by Ilya Sorokin without a rebound.
13:22 of 2nd period - Evgeny Grachev wins face-off versus Jordan Nolan in Flyers zone.
13:35 of 2nd period - Slapshot by Cam Atkinson.
13:35 of 2nd period - Stopped by Ilya Sorokin with a rebound.
13:40 of 2nd period - Off-side.
13:41 of 2nd period - Jeff Carter wins face-off versus Cory Emmerton in neutral zone.
13:48 of 2nd period - Tyler Wotherspoon is hit by Drew Miller and loses puck.
13:55 of 2nd period - Snap shot by Drew Miller.
13:55 of 2nd period - Shot Misses the Net.
14:14 of 2nd period - Snap shot by Andrej Sustr.
14:14 of 2nd period - Shot Blocked by Jonathan Ericsson.
14:28 of 2nd period - Slapshot by Jonathan Drouin.
14:28 of 2nd period - Stopped by Ilya Sorokin without a rebound.
14:29 of 2nd period - Travis Zajac wins face-off versus Evgeny Kuznetsov in Flyers zone.
17:17 of 2nd period - Wrist shot by Evgeny Grachev.
17:17 of 2nd period - Stopped by Ilya Sorokin with a rebound.
17:19 of 2nd period - Slapshot by Paul Ladue.
17:19 of 2nd period - Stopped by Ilya Sorokin with a rebound.
17:34 of 2nd period - Off-side.
17:35 of 2nd period - John Tavares wins face-off versus Calle Jarnkrok in neutral zone.
17:49 of 2nd period - Slapshot by Brian Lashoff.
17:49 of 2nd period - Shot Misses the Net.
17:51 of 2nd period - Wrist shot by Tomas Kubalik.
17:51 of 2nd period - Stopped by Jhonas Enroth with a rebound.
18:01 of 2nd period - Brian Lashoff is hit by Andrew Ladd and loses puck.
18:50 of 2nd period - Slapshot by Ilya Mikheyev.
18:50 of 2nd period - Stopped by Ilya Sorokin with a rebound.
18:52 of 2nd period - Snap shot by Tyler Wotherspoon.
18:52 of 2nd period - Shot Misses the Net.
18:54 of 2nd period - Slapshot by Tyler Wotherspoon.
18:54 of 2nd period - Shot Blocked by Jonathan Ericsson.
19:07 of 2nd period - Off-side.
19:08 of 2nd period - Calle Jarnkrok wins face-off versus John Tavares in neutral zone.
19:08 of 2nd period - Calle Jarnkrok is hit by Andrej Sustr.
19:16 of 2nd period - Snap shot by Brock Nelson.
19:16 of 2nd period - Stopped by Jhonas Enroth with a rebound.
19:18 of 2nd period - Minor Penalty to Guillaume Latendresse for Interference.
19:19 of 2nd period - Jordan Nolan wins face-off versus John Tavares in Stars zone.
19:36 of 2nd period - Snap shot by Jordan Nolan.
19:36 of 2nd period - Stopped by Jhonas Enroth without a rebound.
19:37 of 2nd period - Jeff Carter wins face-off versus John Tavares in Stars zone.
19:49 of 2nd period - Off-side.
19:50 of 2nd period - Jordan Nolan wins face-off versus John Tavares in neutral zone.
Goals for this period are 0 for Stars vs 3 for Flyers.
Shots for this period are 10 for Stars vs 14 for Flyers.
3rd period
0:01 of 3rd period - Cam Atkinson wins face-off versus Jakub Voracek in neutral zone.
0:04 of 3rd period - Wrist shot by Cam Atkinson.
0:04 of 3rd period - Shot Blocked by Jacob Trouba.
1:18 of 3rd period - Penalty to Guillaume Latendresse is over, Guillaume Latendresse is back on ice.
1:49 of 3rd period - Wrist shot by John Tavares.
1:49 of 3rd period - Shot Misses the Net.
1:51 of 3rd period - Slapshot by Tyson Barrie.
1:51 of 3rd period - Shot Blocked by Jacob Trouba.
1:53 of 3rd period - Snap shot by John Tavares.
1:53 of 3rd period - Shot Misses the Net.
1:59 of 3rd period - Wrist shot by Travis Zajac.
1:59 of 3rd period - Stopped by Jhonas Enroth with a rebound.
2:05 of 3rd period - Snap shot by Travis Zajac.
2:05 of 3rd period - Shot Misses the Net.
2:15 of 3rd period - Wrist shot by Nick Ritchie.
2:15 of 3rd period - Shot Blocked by Boris Valabik.
2:17 of 3rd period - Snap shot by Niclas Bergfors.
2:17 of 3rd period - Shot Misses the Net.
2:33 of 3rd period - Snap shot by Travis Zajac.
2:33 of 3rd period - Shot Misses the Net.
3:27 of 3rd period - Snap shot by Niclas Bergfors.
3:27 of 3rd period - Stopped by Jhonas Enroth with a rebound.
3:29 of 3rd period - Slapshot by Niclas Bergfors.
3:29 of 3rd period - Shot Blocked by Brian Lee.
3:31 of 3rd period - Slapshot by Nathan Beaulieu.
3:31 of 3rd period - Deflect By John Tavares.
3:31 of 3rd period - Stopped by Jhonas Enroth with a rebound.
3:45 of 3rd period - Snap shot by Nick Ritchie.
3:45 of 3rd period - Stopped by Jhonas Enroth with a rebound.
4:07 of 3rd period - Snap shot by Niclas Bergfors.
4:07 of 3rd period - Stopped by Jhonas Enroth without a rebound.
4:08 of 3rd period - Cory Emmerton wins face-off versus Jordan Nolan in Stars zone.
4:22 of 3rd period - Slapshot by Jakub Voracek.
4:22 of 3rd period - Shot Misses the Net.
4:24 of 3rd period - Wrist shot by Jordan Nolan.
4:24 of 3rd period - Shot Misses the Net.
5:28 of 3rd period - Wrist shot by Tobias Rieder.
5:28 of 3rd period - Deflect By Cory Emmerton.
5:28 of 3rd period - Shot Blocked by Drew Miller.
5:28 of 3rd period - Puck is out of play.
5:29 of 3rd period - Jordan Nolan wins face-off versus Evgeny Kuznetsov in Flyers zone.
5:34 of 3rd period - Jonathan Drouin is hit by Max Pacioretty and loses puck.
6:12 of 3rd period - Off-side.
6:13 of 3rd period - Tomas Kubalik wins face-off versus Evgeny Grachev in neutral zone.
7:11 of 3rd period - Snap shot by Drew Miller.
7:11 of 3rd period - Shot Misses the Net.
7:18 of 3rd period - Icing by Paul Ladue.
7:19 of 3rd period - Evgeny Kuznetsov wins face-off versus Calle Jarnkrok in Stars zone.
7:55 of 3rd period - Snap shot by Jakub Voracek.
7:55 of 3rd period - Stopped by Jhonas Enroth without a rebound.
7:56 of 3rd period - Cory Emmerton wins face-off versus Jordan Nolan in Stars zone.
7:56 of 3rd period - Cory Emmerton is hit by Nathan Beaulieu.
8:53 of 3rd period - Minor Penalty to Scott Kosmachuck for Unsportsmanlike conduct.
8:54 of 3rd period - Jordan Nolan wins face-off versus John Tavares in Stars zone.
9:02 of 3rd period - Slapshot by Jordan Nolan.
9:02 of 3rd period - Stopped by Jhonas Enroth with a rebound.
9:04 of 3rd period - Slapshot by Jacob Trouba.
9:04 of 3rd period - Goal by Jacob Trouba - Stars : 1 - Flyers : 6.
9:05 of 3rd period - Jordan Nolan wins face-off versus Guillaume Latendresse in neutral zone.
9:20 of 3rd period - Wrist shot by Jordan Nolan.
9:20 of 3rd period - Goal by Jordan Nolan - Stars : 1 - Flyers : 7.
9:21 of 3rd period - John Tavares wins face-off versus Max Pacioretty in neutral zone.
9:26 of 3rd period - Snap shot by John Tavares.
9:26 of 3rd period - Stopped by Ilya Sorokin with a rebound.
9:52 of 3rd period - Wrist shot by Drew Miller.
9:52 of 3rd period - Stopped by Jhonas Enroth with a rebound.
9:54 of 3rd period - Wrist shot by Drew Miller.
9:54 of 3rd period - Stopped by Jhonas Enroth without a rebound.
9:55 of 3rd period - Evgeny Grachev wins face-off versus Marcus Kruger in Stars zone.
10:04 of 3rd period - Snap shot by Evgeny Grachev.
10:04 of 3rd period - Stopped by Ilya Sorokin with a rebound.
10:22 of 3rd period - Paul Ladue is hit by Jeff Carter and loses puck.
10:33 of 3rd period - Snap shot by Evgeny Grachev.
10:33 of 3rd period - Stopped by Ilya Sorokin with a rebound.
10:35 of 3rd period - Slapshot by Andrej Sustr.
10:35 of 3rd period - Stopped by Ilya Sorokin with a rebound.
11:09 of 3rd period - Wrist shot by Evgeny Grachev.
11:09 of 3rd period - Stopped by Ilya Sorokin without a rebound.
11:10 of 3rd period - John Tavares wins face-off versus Jordan Nolan in Flyers zone.
11:13 of 3rd period - Slapshot by John Tavares.
11:13 of 3rd period - Goal by John Tavares - Stars : 2 - Flyers : 7.
11:14 of 3rd period - Guillaume Latendresse wins face-off versus Jordan Nolan in neutral zone.
11:27 of 3rd period - Wrist shot by John Tavares.
11:27 of 3rd period - Shot Misses the Net.
11:47 of 3rd period - Snap shot by Brock Nelson.
11:47 of 3rd period - Shot Blocked by Boris Valabik.
11:49 of 3rd period - Wrist shot by Calle Jarnkrok.
11:49 of 3rd period - Deflect By Brock Nelson.
11:49 of 3rd period - Shot Blocked by Boris Valabik.
11:49 of 3rd period - Puck is out of play.
11:50 of 3rd period - Jeff Carter wins face-off versus Evgeny Grachev in Stars zone.
11:57 of 3rd period - Snap shot by Marcus Kruger.
11:57 of 3rd period - Stopped by Jhonas Enroth with a rebound.
13:04 of 3rd period - Wrist shot by Jakub Voracek.
13:04 of 3rd period - Shot Misses the Net.
13:24 of 3rd period - Snap shot by Jordan Nolan.
13:24 of 3rd period - Stopped by Jhonas Enroth without a rebound.
13:25 of 3rd period - Jeff Carter wins face-off versus John Tavares in Stars zone.
13:59 of 3rd period - Wrist shot by Cam Atkinson.
13:59 of 3rd period - Stopped by Ilya Sorokin with a rebound.
14:40 of 3rd period - Snap shot by Drew Miller.
14:40 of 3rd period - Shot Misses the Net.
15:03 of 3rd period - Icing by Travis Zajac.
15:04 of 3rd period - John Tavares wins face-off versus Travis Zajac in Flyers zone.
15:34 of 3rd period - Slapshot by Jakub Voracek.
15:34 of 3rd period - Shot Misses the Net.
15:42 of 3rd period - Wrist shot by Jordan Nolan.
15:42 of 3rd period - Shot Misses the Net.
15:44 of 3rd period - Slapshot by Jordan Nolan.
15:44 of 3rd period - Stopped by Jhonas Enroth with a rebound.
16:18 of 3rd period - Wrist shot by Calle Jarnkrok.
16:18 of 3rd period - Shot Misses the Net.
16:20 of 3rd period - Slapshot by Jonathan Ericsson.
16:20 of 3rd period - Stopped by Jhonas Enroth with a rebound.
17:31 of 3rd period - Off-side.
17:32 of 3rd period - Evgeny Kuznetsov wins face-off versus Calle Jarnkrok in neutral zone.
17:34 of 3rd period - Off-side.
17:35 of 3rd period - Calle Jarnkrok wins face-off versus Evgeny Kuznetsov in neutral zone.
17:46 of 3rd period - Wrist shot by Tomas Kubalik.
17:46 of 3rd period - Stopped by Jhonas Enroth with a rebound.
17:48 of 3rd period - Slapshot by Jacob Trouba.
17:48 of 3rd period - Shot Blocked by Tyson Barrie.
18:02 of 3rd period - Slapshot by Tyler Wotherspoon.
18:02 of 3rd period - Stopped by Ilya Sorokin with a rebound.
18:04 of 3rd period - Snap shot by John Tavares.
18:04 of 3rd period - Stopped by Ilya Sorokin without a rebound.
18:05 of 3rd period - Jordan Nolan wins face-off versus John Tavares in Flyers zone.
18:15 of 3rd period - Minor Penalty to Brian Lee for Tripping.
18:16 of 3rd period - John Tavares wins face-off versus Jordan Nolan in Stars zone.
19:22 of 3rd period - Slapshot by Nathan Beaulieu.
19:22 of 3rd period - Goal by Nathan Beaulieu - Stars : 2 - Flyers : 8.
19:23 of 3rd period - Jordan Nolan wins face-off versus Cam Atkinson in neutral zone.
Goals for this period are 1 for Stars vs 3 for Flyers.
Shots for this period are 9 for Stars vs 17 for Flyers.